AoeStats
← Govekin

Lombardia

510027017Analyzed
4v4 RM · 2d ago on Sep 29, 2026· 56m 27s· 8 players
Game mode
Random Map
Map size
Large (8 player)
Population
200
Speed
Normal
Resources
Standard
Victory
Conquest
Starting age
Dark Age
Ending age
Imperial Age
RankedLock teamsTeams togetherTeam positionsShared explorationLock speedFull tech treeHidden civsTurbo modeCheats
Victory
Defeat
🇨🇦 Spanish · Canada
911
+13
🇮🇳 Franks · India
904
+13
🇹🇼 Byzantines · Taiwan
878
+31
🇦🇺 Mongols · Australia
868
+14
🇨🇱 Teutons · Chile
896
-16
🇨🇱 Romans · Chile
884
-15
851
-14
🇨🇱 Bulgarians · Chile
705
-9
614Superdry
9:30 Loom
11:40 Feudal Age
18:08 Castle Age
16:33 Double-Bit Axe
16:39 Gold Mining
16:29 Horse Collar
16:45 Stone Mining
20:45 Stone Shaft Mining
20:22 Bow Saw
23:13 Wheelbarrow
22:42 Husbandry
22:53 Bloodlines
27:37 Thumb Ring
27:25 Fletching
32:21 Imperial Age
30:38 Heavy Plow
32:44 Bodkin Arrow
35:17 Conscription
36:22 Hand Cart
36:49 Padded Archer Armor
37:40 Ballistics
38:23 Chemistry
37:45 Ballistics
38:28 Elite Conquistador
39:41 Bracer
41:31 Leather Archer Armor
41:26 Caravan
41:11 Cavalier
42:20 Forging
43:26 Ring Archer Armor
44:16 Two-Man Saw
43:29 Town Watch
49:59 Iron Casting
49:29 Scale Barding Armor
51:28 Town Patrol
54:36 Blast Furnace
53:56 Chain Barding Armor
52:59 Paladin
53:58 Arrowslits
54:09 Murder Holes
54:25 Masonry
chenleo20061102
7:00 Loom
11:54 Feudal Age
12:15 Horse Collar
12:24 Double-Bit Axe
19:48 Castle Age
19:55 Stone Mining
20:02 Gold Mining
22:17 Gambesons
22:33 Squires
23:14 Bow Saw
25:54 Wheelbarrow
31:51 Imperial Age
32:32 Capped Ram
33:37 Conscription
35:31 Heavy Plow
35:49 Forging
35:40 Scale Mail Armor
36:29 Hand Cart
36:00 Elite Varangian Guard
39:46 Caravan
41:45 Elite Cataphract
47:34 Siege Ram
49:15 Chain Mail Armor
49:35 Iron Casting
49:32 Logistica
52:38 Scale Barding Armor
56:03 Fletching
Hades
0:43 Loom
10:34 Feudal Age
11:05 Double-Bit Axe
16:36 Bloodlines
17:08 Wheelbarrow
22:00 Castle Age
20:35 Horse Collar
23:01 Heavy Plow
23:30 Gold Mining
24:51 Bow Saw
25:48 Town Watch
27:43 Hand Cart
29:27 Stone Mining
30:48 Husbandry
32:25 Thumb Ring
33:47 Padded Archer Armor
33:38 Fletching
34:57 Coinage
34:27 Caravan
35:22 Stone Shaft Mining
35:23 Gold Shaft Mining
34:30 Elite Skirmisher
36:26 Bodkin Arrow
36:47 Leather Archer Armor
37:53 Fortified Wall
37:39 Murder Holes
40:47 Imperial Age
41:11 Town Patrol
42:24 Banking
41:31 Pikeman
42:11 Squires
42:55 Parthian Tactics
42:34 Bracer
42:45 Forging
42:41 Scale Barding Armor
43:59 Ballistics
44:42 Chemistry
44:23 Heavy Camel Rider
45:27 Conscription
47:20 Iron Casting
47:15 Heavy Cavalry Archer
51:18 Elite Mangudai
56:04 Nomads
Black Wolf
12:15 Feudal Age
16:09 Castle Age
14:54 Double-Bit Axe
15:09 Loom
18:50 Bow Saw
21:30 Wheelbarrow
23:08 Hand Cart
24:29 Gold Mining
24:32 Stone Mining
26:18 Caravan
27:00 Husbandry
28:13 Gold Shaft Mining
29:30 Town Watch
33:16 Imperial Age
32:55 Town Patrol
33:49 Scale Barding Armor
33:55 Forging
33:35 Fletching
33:46 Padded Archer Armor
34:30 Ballistics
34:20 Fortified Wall
34:44 Conscription
34:27 Chivalry
34:00 Cavalier
37:03 Chemistry
36:08 Siege Engineers
36:30 Chain Barding Armor
36:05 Bodkin Arrow
37:15 Ordonnance Companies
37:31 Paladin
37:41 Cranequins
39:01 Bodkin Arrow
39:21 Leather Archer Armor
39:42 Plate Barding Armor
39:42 Iron Casting
40:11 Iron Casting
40:19 Plate Barding Armor
42:03 Heavy Mounted Crossbowman
43:49 Blast Furnace
52:50 Hoardings
El Cachero de las Pampas
10:45 Feudal Age
16:40 Castle Age
20:07 Loom
21:12 Double-Bit Axe
28:45 Forging
30:21 Stone Mining
29:58 Light Cavalry
33:23 Wheelbarrow
35:08 Gold Mining
35:54 Scale Barding Armor
35:36 Pikeman
38:42 Hand Cart
39:44 Iron Casting
39:43 Chain Barding Armor
41:09 Town Watch
45:07 Imperial Age
46:42 Town Patrol
46:46 Cavalier
47:26 Husbandry
48:29 Blast Furnace
47:16 Elite Throwing Axeman
48:17 Conscription
47:58 Chivalry
49:21 Plate Barding Armor
48:47 Scale Mail Armor
53:12 Chain Mail Armor
53:52 Paladin
53:57 Ordonnance Companies
The_br4ve ®
8:10 Loom
10:27 Feudal Age
11:00 Double-Bit Axe
10:45 Man-at-Arms
16:14 Horse Collar
20:38 Castle Age
19:55 Forging
21:24 Loom
21:04 Long Swordsman
22:01 Bow Saw
26:06 Wheelbarrow
25:38 Fletching
26:26 Bodkin Arrow
26:25 Crossbowman
27:01 Town Watch
28:08 Padded Archer Armor
31:30 Iron Casting
31:13 Hand Cart
32:10 Bloodlines
32:16 Scale Mail Armor
32:56 Ballistas
36:53 Imperial Age
35:24 Murder Holes
35:37 Squires
36:59 Chain Mail Armor
37:49 Leather Archer Armor
37:49 Town Patrol
39:02 Heavy Scorpion
40:47 Comitatenses
39:52 Legionary
41:28 Siege Engineers
44:10 Blast Furnace
43:43 Pikeman
50:38 Heavy Plow
51:21 Ring Archer Armor
50:31 Elite Skirmisher
51:45 Elite Centurion
Gelblich
12:02 Feudal Age
16:33 Castle Age
22:08 Stone Mining
22:09 Gold Mining
22:01 Horse Collar
22:41 Loom
23:32 Wheelbarrow
23:42 Fervor
27:51 Hand Cart
27:40 Heavy Plow
28:32 Forging
36:16 Imperial Age
33:29 Pikeman
34:11 Squires
33:56 Arson
34:51 Iron Casting
34:22 Scale Barding Armor
34:18 Scale Mail Armor
34:18 Padded Archer Armor
34:09 Fletching
35:34 Bloodlines
39:46 Blast Furnace
39:02 Chain Mail Armor
39:08 Chain Barding Armor
38:43 Bodkin Arrow
39:04 Leather Archer Armor
38:12 Halberdier
40:03 Chemistry
39:36 Caravan
39:41 Double-Bit Axe
39:45 Town Watch
40:51 Elite Teutonic Knight
41:52 Conscription
41:53 Crenellations
42:10 Hoardings
43:01 Ironclad
44:23 Plate Mail Armor
44:29 Plate Barding Armor
44:25 Ring Archer Armor
46:01 Elite Skirmisher
49:46 Cavalier
52:23 Crop Rotation
53:23 Paladin
Govekin
13:31 Feudal Age
11:48 Loom
18:25 Castle Age
18:14 Double-Bit Axe
18:11 Horse Collar
25:21 Pikeman
30:08 Wheelbarrow
32:13 Forging
32:09 Scale Barding Armor
34:00 Bow Saw
34:03 Heavy Plow
35:05 Squires
34:51 Gambesons
34:52 Arson
36:51 Stirrups
38:26 Fletching
38:36 Scale Mail Armor
42:19 Caravan
43:49 Gold Mining
43:49 Stone Mining
47:04 Iron Casting
46:44 Chain Mail Armor
46:50 Chain Barding Armor
49:10 Gold Shaft Mining
49:10 Stone Shaft Mining
Connection lost

Rejoining the realm…

Still unreachable

The connection could not be restored.

Session expired

The server has moved on; the page needs a fresh start.